 Dungeon Crawl Stone Soup version 0.19-a0-75-g99403da (webtiles) character file.

56 mrath the Digger (level 3, -2/26 HPs)
             Began as a Draconian Earth Elementalist on May 12, 2016.
             Succumbed to Robin's poison
             ... on level 1 of the Dungeon.
             The game lasted 00:13:51 (2615 turns).

mrath the Digger (Draconian Earth Elementalist)     Turns: 2615, Time: 00:13:52

Health: -2/26      AC:  5    Str: 10    XL:     3   Next: 71%
Magic:  4/7        EV: 12    Int: 16    God:
Gold:   87         SH:  0    Dex: 11    Spells: 1 memorised, 7 levels left

rFire  . . .     SeeInvis .     f - -1 club (curse)
rCold  . . .     Gourm    .     (armour unavailable)
rNeg   . . .     Faith    .     (no shield)
rPois  .         Spirit   .     (helmet restricted)
rElec  .         Dismiss  .     (no cloak)
rCorr  .         Reflect  .     (no gloves)
SustAt .         Harm     .     (no boots)
MR     .....                    (no amulet)
Stlth  +++.......               (no ring)
                                h - ring of stealth

@: lethally poisoned (-2 -> -37), not resistant to hostile enchantments, fairly
stealthy
A: unfitting armour, cold-blooded, AC +5
a: no special abilities


You were on level 1 of the Dungeon.
You were hungry.

You visited 1 branch of the dungeon, and saw 2 of its levels.

You collected 87 gold pieces.

Inventory:

Hand Weapons
 e - a +0 dagger
 f - a cursed -1 club (weapon)
 g - a +1 hand axe of freezing
 i - a +0 whip
 p - a +2 short sword of speed
Missiles
 a - 75 stones (quivered)
Jewellery
 h - a ring of stealth (left hand)
Wands
 q - a wand of disintegration (9/24)
Scrolls
 o - 3 scrolls of teleportation
 t - a scroll of enchant weapon
 u - a scroll of identify
Potions
 d - a potion of curing {unknown}
 k - a potion of berserk rage {unknown}
 l - 2 potions of haste
 m - a potion of resistance {unknown}
Books
 b - a book of Geomancy

   Spells                             Type                      Level
   a - Sandblast                      Earth                        1
   b - Passwall                       Transmutation/Earth          2
   c - Stone Arrow                    Conjuration/Earth            3
   d - Petrify                        Transmutation/Earth          4
   e - Lee's Rapid Deconstruction     Earth                        5
Comestibles
 c - 3 bread rations
 j - a beef jerky
 n - 7 fruits
 r - 11 chunks of flesh
 s - a slice of pizza


   Skills:
 - Level 1.7 Dodging
 - Level 1.7 Stealth
 * Level 3.3 Spellcasting
   Level 1.0 Transmutations
 + Level 3.6 Earth Magic


You had 7 spell levels left.
You knew the following spells:

 Your Spells              Type           Power        Failure   Level  Hunger
a - Sandblast             Erth           ##....       6%          1    None


Dungeon Overview and Level Annotations

Branches:
Dungeon (2/15)

Altars:
Nemelex Xobeh
Ru
Xom

Annotations:
D:1 Robin


Innate Abilities, Weirdness & Mutations

Your plain brown scales are hard (AC +5).
Your body does not fit into most forms of armour.
You are cold-blooded and may be slowed by cold attacks.


Message History

Confirm with . or Enter, or press ? or * to list all spells.
Aiming: Sandblast
Press: ? - help, Shift-Dir - straight line, f - Robin
Aim: Robin, wielding a spear of venom, wearing an animal skin and wearing a glowing helmet (lightly wounded, fast)
The blast of sand hits Robin.
Robin is heavily wounded.
You feel sick. Robin hits you with a spear of venom.
* * * LOW HITPOINT WARNING * * *
You are more poisoned.
Robin hits you with a spear of venom.
* * * LOW HITPOINT WARNING * * *
You are more poisoned.
Casting: Sandblast
Confirm with . or Enter, or press ? or * to list all spells.
Aiming: Sandblast
Press: ? - help, Shift-Dir - straight line, f/p - Robin
Aim: Robin, wielding a spear of venom, wearing an animal skin and wearing a glowing helmet (heavily wounded, fast)
The blast of sand hits Robin.
Robin is severely wounded.
You die...

##.#########..## #.#
#...## ##...####.#
#.#..# #.........#
#....# ##...######
####.# ##.## #.# #.#
#.# #.# #g# ##'## #@#
##...## ##g# ##.....##
####..#####.......##
#.......##.........###
#........+.........+..
#.#....#.#.........###
#.##.#.#.##.......##
#..........#.....##
#......###.##...##


You could see Robin and a goblin.

Vanquished Creatures
  A dart slug (D:1)
  3 giant geckos
  3 giant cockroaches
  10 goblins
  5 hobgoblins
  5 jackals (D:1)
  5 kobolds
  2 quokkas (D:2)
  3 bats
  3 giant newts
  7 rats
47 creatures vanquished.

Notes
Turn   | Place    | Note
--------------------------------------------------------------
     0 | D:1      | mrath the Draconian Earth Elementalist began the quest for the Orb.
     0 | D:1      | Reached XP level 1. HP: 14/14 MP: 3/3
   536 | D:1      | Reached XP level 2. HP: 12/20 MP: 1/5
   890 | D:1      | Found a shimmering altar of Xom.
  1597 | D:1      | Reached XP level 3. HP: 26/26 MP: 5/7
  2172 | D:2      | Found a sacrificial altar of Ru.
  2173 | D:2      | Found a sparkling altar of Nemelex Xobeh.
  2368 | D:2      | Noticed Robin
  2614 | D:1      | HP: 1/26 [Robin/spear of venom (3)]
  2615 | D:1      | Succumbed to Robin's poison

Vault maps used:
D:1:      dpeg_arrival_signposts, xom_teletrap_fun
D:2:      gammafunk_temple_overflow_statue, first_bread, st_stairs_4, uniq_robin

Skill      XL: |  1  2 |
---------------+-------+-----
Spellcasting   | 3 |  3.3
Dodging        | |  1.7
Stealth        | |  1.7
Transmutations | |  1.0
Earth Magic    | |  3.6

Action                   || total
-------------------------++-------
Melee: Club              ||    39
       Tailslap          ||     2
Throw: Stone             ||     5
 Cast: Sandblast         ||    87
  Use: Scroll            ||     6
 Stab: Sleeping          ||     2
  Eat: Chunk             ||     5
Armor: Skin              ||    43
Dodge: Dodged            ||    87
